 Dungeon Crawl Stone Soup version 0.16-a0-1982-g8124c91 (webtiles) character file.

24516 Sixotanaka the Severer (level 13, -3/86 HPs)
             Began as a Formicid Fighter on Nov 10, 2014.
             Was the Champion of Makhleb.
             Slain by Rupert
             ... wielding a +2 great mace of draining
              (18 damage)
             ... on level 6 of the Lair of Beasts.
             The game lasted 00:39:27 (14538 turns).

Sixotanaka the Severer (Formicid Fighter)          Turns: 14538, Time: 00:39:27

Health: -3/86      AC: 15    Str: 27    XL:     13   Next: 43%
Magic:  21/21      EV: 14    Int: 10    God:    Makhleb [******]
Gold:   698        SH:  4    Dex: 14    Spells: 0 memorised, 12 levels left

rFire  + . .     SeeInvis +     T - +3 battleaxe (freeze)
rCold  + . .     Clarity  .     U - +1 scale mail "Boidout" {Str+2}
rNeg   . . .     SustAb   .     O - +0 buckler {rF+}
rPois  .         Gourm    .     (helmet unavailable)
rElec  .         Spirit   .     Q - +0 cloak
rCorr  .         Warding  .     q - +0 pair of gloves
rMut   .         Stasis   +     c - +2 pair of boots
MR     +....                    (no amulet)
Stlth  ..........               S - +5 ring of evasion
                                E - ring of protection from cold

@: mighty, heavily drained, somewhat resistant to hostile enchantments,
extremely unstealthy
A: permanent stasis, dig shafts and tunnels, four strong arms, antennae 3
a: Dig, Shaft Self, Minor Destruction, Lesser Servant of Makhleb, Major
Destruction, Greater Servant of Makhleb, Renounce Religion


You were on level 6 of the Lair of Beasts.
You worshipped Makhleb.
Makhleb was exalted by your worship.
You were not hungry.

You visited 3 branches of the dungeon, and saw 16 of its levels.
You also visited: Sewer.

You collected 698 gold pieces.


Innate Abilities, Weirdness & Mutations

You are under a permanent stasis effect.
You can dig through walls and to a lower floor.
Your four strong arms can wield two-handed weapons with a shield.
You have a pair of large antennae on your head (SInv).


   Skills:
 - Level 3.2(1.9) Fighting
 + Level 18.0(16.0) Axes
 - Level 4.0(2.6) Throwing
 - Level 10.0(8.4) Armour
 - Level 3.6(2.2) Shields
 + Level 3.0(1.7) Invocations


You had 12 spell levels left.
You didn't know any spells.

Dungeon Overview and Level Annotations

Branches:
Dungeon (9/15)             Temple (1/1) D:4            Lair (6/8) D:9
  Swamp (0/5) Lair:3          Orc (0/4) D:9
  Snake: Lair:3-6    Spider: Lair:3-6     Slime: Lair:6-8

Altars:
Ashenzari
Cheibriados
Dithmenos
Elyvilon
Fedhas
Gozag
Kikubaaqudgha
Makhleb
Nemelex Xobeh
Okawaru
Ru
Sif Muna
Trog
Vehumet
Xom
Yredelemnul
Zin
The Shining One

Shops:
D:5 =   D:7 ?

Annotations:
D:5 exclusion: downstairs
Lair:6 Rupert

Inventory:

Hand weapons
 a - a +0 blowgun
 T - a +3 battleaxe of freezing (weapon)
   (You took it off a wight on level 8 of the Dungeon)
Missiles
 r - 24 tomahawks (quivered)
 s - 2 poisoned tomahawks
 C - 78 poisoned needles
Armour
 c - a +2 pair of boots (worn)
 q - a +0 pair of gloves (worn)
 O - a +0 buckler of fire resistance (worn)
   (You found it on level 6 of the Dungeon)
 Q - a +0 cloak (worn)
 U - the +1 scale mail "Boidout" (worn) {Str+2}
   (You found it on level 1 of the Lair of Beasts)

   It affects your strength (+2).
Jewellery
 E - a ring of protection from cold (left hand)
 S - a +5 ring of evasion (right hand)
Magical devices
 g - a wand of flame (11)
 t - a wand of random effects (35)
 z - a wand of polymorph (16)
 H - a wand of digging (15)
 L - a wand of digging (24)
 R - a wand of draining (0)
 X - a wand of fireball (0)
 Y - a wand of magic darts (34)
Scrolls
 b - 2 scrolls of fear {unknown}
 f - 5 scrolls of remove curse {@r2}
 h - a scroll of fog {unknown}
 n - 2 scrolls of immolation {unknown}
 u - 3 scrolls of recharging
 y - a scroll of amnesia {unknown}
 B - a scroll of magic mapping {unknown}
 F - a scroll of enchant weapon {unknown}
 I - 3 scrolls of blinking {unknown}
 J - 2 scrolls of enchant armour {unknown}
Potions
 e - 2 potions of might
 i - a potion of magic {unknown}
 k - 2 potions of flight
 l - 6 potions of heal wounds {@q2}
 w - 4 potions of curing {@q1}
 x - a potion of degeneration {unknown}
 A - a potion of resistance {unknown}
 D - a potion of experience {unknown}
 G - a potion of cure mutation {unknown}
 K - 4 potions of brilliance
 M - a potion of haste {unknown}
 N - 2 potions of agility
 P - a potion of cancellation {unknown}
 V - a potion of lignification {unknown}
 W - 2 potions of berserk rage {unknown}
Books
 m - a book of Maledictions
 Z - a book of the Sky
Comestibles
 d - 11 bread rations
 j - 5 meat rations
 p - 5 slices of pizza
 v - 25 fruits

. ..................
....P................
.P.....P...#..........
.......#......#........
...#...((#....###.....>.
........##....##
.#......
.........##@...#
##......
..........#...## ##....
.........@##..@## .##
........@###....#
.....#....##....# .#
................# ...
.......#..####.# ...
.......#### ## .[
......# ## ...#. .# ..P.


You could see Rupert (berserk).


Message History

You freeze the eight-headed hydra.
You kill the eight-headed hydra!
Makhleb accepts your kill.
You feel a little better.
Your Invocations skill increases to level 2!
You see here a hydra corpse.
The hydra corpse flares red and disappears.
Rupert the Wild comes into view.
He is wielding a runed great mace.
A black mamba comes into view.
The black mamba hisses angrily.
The black mamba bites you but does no damage. x2
You barely miss the black mamba. The black mamba misses you.
Unknown command.
The black mamba bites you but does no damage.
The black mamba barely misses you. You block the black mamba's attack.
You block the black mamba's attack.
You slash the black mamba! You freeze the black mamba.
The black mamba seems to slow down.
The black mamba is heavily wounded.
You block the black mamba's attack.
You slash the black mamba! You freeze the black mamba.
The black mamba is almost dead.
The black mamba bites you but does no damage.
You slice the black mamba!! You freeze the black mamba.
You kill the black mamba!
Makhleb accepts your kill.
Your Axes skill increases to level 18!
Your Invocations skill increases to level 3!
You see here a black mamba corpse.
Fire/throw which item? (* to show all) (? for menu, Esc to quit)
Press: ? - help, Shift-Dir - straight line, f - Rupert
Aim: Rupert, wielding a runed great mace and wearing a leather armour You throw a throwing net.
The throwing net hits Rupert.
Rupert is caught in the net!
Rupert roars madly and goes into a rage!
Rupert goes berserk!
Rupert struggles against the net.
Rupert struggles against the net.
The net rips apart, and Rupert comes free!
You block Rupert's attack.
You closely miss Rupert.
Fire/throw which item? (* to show all) (? for menu, Esc to quit)
You are wearing that object!
Fire/throw which item? (* to show all) (? for menu, Esc to quit)
Press: ? - help, Shift-Dir - straight line, f/p - Rupert
Aim: Rupert, wielding a runed great mace and wearing a leather armour (berserk, fast, unusually strong)
You throw a throwing net. The throwing net hits Rupert.
Rupert is caught in the net!
Rupert struggles against the net.
Rupert struggles against the net.
The net rips apart, and Rupert comes free!
Use which ability? (? or * to list)
Okay, then.
You barely miss Rupert.
Rupert hits you with a runed great mace!!
You feel drained.
You slice Rupert!! You freeze Rupert.
Rupert is lightly wounded.
Rupert hits you with a great mace of draining!
You feel drained.
You chop Rupert into pieces!!! You freeze Rupert.
Rupert is moderately wounded.
Rupert misses you.
You hit Rupert. You freeze Rupert.
Rupert is moderately wounded.
Rupert hits you with a great mace of draining!!
* * * LOW HITPOINT WARNING * * *
You feel drained.
* * * LOW HITPOINT WARNING * * *
Rupert hits you with a great mace of draining!!
You die...

Action                   |  1- 3 |  4- 6 |  7- 9 | 10-12 | 13-15 || total
-------------------------+-------+-------+-------+-------+-------++-------
Melee: War axe           |    73 |   200 |   505 |       |       ||   778
       Battleaxe         |       |       |    69 |   569 |   158 ||   796
 Fire: Blowgun           |       |       |       |     5 |       ||     5
Throw: Stone             |     7 |     5 |    58 |     3 |       ||    73
       Throwing net      |       |       |       |       |     2 ||     2
       Tomahawk          |       |       |       |       |     2 ||     2
 Abil: Dig               |       |       |     1 |     5 |     2 ||     8
Evoke: Wand              |       |       |       |       |     4 ||     4
  Use: Scroll            |       |       |       |    11 |     1 ||    12
       Potion            |       |       |       |     3 |     2 ||     5
 Stab: Distracted        |       |     1 |       |       |       ||     1
  Eat: Chunk             |       |     5 |    15 |    14 |       ||    34
       Royal jelly       |       |       |     1 |       |       ||     1
       Beef jerky        |       |       |     1 |     1 |       ||     2
       Pizza             |       |       |       |     1 |     1 ||     2
       Meat ration       |       |       |       |     1 |       ||     1

Vault maps used:
D:1:      lemuel_arrival_behind_the_door_small, serial_curves, eino_curves_03,
          eino_curves_04, eino_curves_01
D:2:      lemuel_doored_altar, uniq_sigmund
D:3:      wad_crossroads, portal_sewer_entry_a, grunt_decor_resistance
D:4:      grunt_temple_overflow_opulence, minmay_temple_entry_large_hall,
          first_bread
D:5:      nicolae_ru_awakened_eye, grunt_temple_overflow_open, serial_shops,
          shop
D:7:      serial_shops, nicolae_shop_crystal, uniq_iyjb
D:8:      lemuel_crystal_altar, ashenzari_conservatory_becter,
          gammafunk_temple_overflow_pools, kennysheep_little_box,
          enter_bailey_3, uniq_gastronok
D:9:      lair_0_dummy, hiddenorc2_lemuel
Temple:   minmay_temple_bridge_a_8
Lair:1:   pond, grunt_megastairs_3, lemuel_fruit_tree
Lair:2:   infiniplex_staircase_pool_2, uniq_nergalle, uniq_erica
Lair:3:   minmay_swamp_entry_worms, special_room, eino_house_with_fridge
Lair:4:   grunt_forest_large_clearings
Lair:6:   spider_nest_entry_funnel_web, minivault_27, uniq_rupert, uniq_fannar
Sewer:    kennysheep_door_sewer

Notes
Turn   | Place    | Note
--------------------------------------------------------------
     0 | D:1      | Sixotanaka, the Formicid Fighter, began the quest for the Orb.
     0 | D:1      | Reached XP level 1. HP: 18/18 MP: 1/1
    94 | D:1      | Reached XP level 2. HP: 24/24 MP: 3/3
   310 | D:1      | Reached skill level 3 in Axes
   416 | D:1      | Reached XP level 3. HP: 22/29 MP: 4/4
   761 | D:2      | Noticed Sigmund
   779 | D:2      | Killed Sigmund
   779 | D:2      | Reached skill level 4 in Axes
   779 | D:2      | Reached XP level 4. HP: 14/35 MP: 5/5
   779 | D:2      | Reached XP level 5. HP: 16/41 MP: 7/7
  1128 | D:2      | Reached skill level 5 in Axes
  1426 | D:2      | Found a blossoming altar of Fedhas.
  1826 | D:3      | Reached XP level 6. HP: 41/47 MP: 8/8
  1856 | D:3      | Reached skill level 6 in Axes
  2269 | D:3      | Found a glowing drain.
  2290 | Sewer    | Entered a sewer
  2361 | Sewer    | Noticed Purgy
  2367 | Sewer    | Killed Purgy
  2367 | Sewer    | Reached skill level 7 in Axes
  2367 | Sewer    | Reached XP level 7. HP: 48/52 MP: 9/9
  3118 | D:4      | Found a staircase to the Ecumenical Temple.
  3137 | Temple   | Entered the Ecumenical Temple
  3157 | Temple   | Became a worshipper of Makhleb the Destroyer
  3505 | D:4      | Found a sparkling altar of Nemelex Xobeh.
  3505 | D:4      | Found an opulent altar of Gozag.
  3660 | D:4      | Acquired Makhleb's first power
  3825 | D:5      | Entered Level 5 of the Dungeon
  4007 | D:5      | Reached skill level 8 in Axes
  4045 | D:5      | Found Qaaz's Jewellery Emporium.
  4070 | D:5      | Found a bloodstained altar of Trog.
  4075 | D:5      | Found a shimmering altar of Xom.
  4379 | D:5      | Reached XP level 8. HP: 44/58 MP: 11/11
  4409 | D:5      | Found a sacrificial altar of Ru.
  4527 | D:6      | Reached skill level 9 in Axes
  4788 | D:6      | Acquired Makhleb's second power
  4837 | D:6      | You fall through a shaft!
  4921 | D:6      | Reached skill level 10 in Axes
  5114 | D:6      | Noticed a hill giant
  5330 | D:6      | Reached XP level 9. HP: 58/64 MP: 12/12
  6028 | D:6      | Reached skill level 11 in Axes
  6130 | D:6      | HP: 10/64 [orc warrior/glaive (10)]
  6138 | D:6      | HP: 9/64 [orc warrior/glaive (3)]
  6944 | D:7      | Noticed Ijyb
  6957 | D:7      | Killed Ijyb
  6984 | D:7      | Acquired Makhleb's third power
  7103 | D:7      | Found Eniaciast's Magic Scroll Boutique.
  7314 | D:7      | Reached skill level 12 in Axes
  7549 | D:8      | Found a white marble altar of Elyvilon.
  7857 | D:8      | Noticed Gastronok
  7907 | D:8      | Reached XP level 10. HP: 70/70 MP: 13/13
  8020 | D:8      | Found an ancient bone altar of Kikubaaqudgha.
  8020 | D:8      | Found a glowing silver altar of Zin.
  8030 | D:8      | Found a glowing golden altar of the Shining One.
  8030 | D:8      | Noticed a troll
  8038 | D:8      | Reached skill level 13 in Axes
  8042 | D:8      | HP: 16/70 [troll (8)]
  8045 | D:8      | Killed a troll
  8275 | D:8      | Acquired Makhleb's fourth power
  8295 | D:8      | Found a shattered altar of Ashenzari.
  8470 | D:8      | Killed Gastronok
  8470 | D:8      | Reached skill level 14 in Axes
  8711 | D:9      | Found a staircase to the Lair.
  8844 | D:9      | Reached XP level 11. HP: 75/75 MP: 15/15
  8918 | D:9      | Found a staircase to the Orcish Mines.
  8940 | D:9      | Reached skill level 15 in Axes
  8977 | D:9      | Acquired Makhleb's fifth power
  9375 | Lair:1   | Entered Level 1 of the Lair of Beasts
  9499 | Lair:1   | Reached skill level 16 in Axes
  9626 | Lair:1   | HP: 14/75 [vampire mosquito (9)]
  9628 | Lair:1   | Reached skill level 1 in Throwing
  9628 | Lair:1   | Reached skill level 4 in Armour
  9872 | Lair:1   | Got a faintly humming scale mail
  9883 | Lair:1   | Identified the +1 scale mail "Boidout" {Str+2} (You found it on level 1 of the Lair of Beasts)
  9915 | Lair:1   | Reached skill level 5 in Armour
 10236 | Lair:2   | Reached skill level 2 in Throwing
 10355 | Lair:2   | Noticed Erica
 10368 | Lair:2   | Killed Erica
 10368 | Lair:2   | Reached skill level 6 in Armour
 10654 | Lair:2   | Reached XP level 12. HP: 81/81 MP: 16/16
 10675 | Lair:2   | Reached skill level 7 in Armour
 10707 | Lair:2   | Reached skill level 3 in Throwing
 10883 | Lair:2   | Noticed Nergalle
 10894 | Lair:2   | Reached skill level 8 in Armour
 10900 | Lair:2   | Killed Nergalle
 11337 | Lair:3   | Reached skill level 4 in Throwing
 11517 | Lair:3   | Reached skill level 9 in Armour
 11615 | Lair:3   | Found a staircase to the Swamp.
 11938 | Lair:4   | Reached skill level 10 in Armour
 13404 | Lair:5   | Reached XP level 13. HP: 86/86 MP: 17/17
 13422 | Lair:5   | Reached skill level 17 in Axes
 14275 | Lair:6   | Noticed Fannar
 14318 | Lair:6   | Killed Fannar
 14386 | Lair:6   | Reached skill level 1 in Invocations
 14511 | Lair:6   | Reached skill level 2 in Invocations
 14514 | Lair:6   | Noticed Rupert
 14526 | Lair:6   | Reached skill level 18 in Axes
 14526 | Lair:6   | Reached skill level 3 in Invocations
 14536 | Lair:6   | HP: 21/86 [Rupert/great mace of draining (27)]
 14538 | Lair:6   | Slain by Rupert

Vanquished Creatures
  Gastronok (D:8)
  Fannar (Lair:6)
  A hydra (Lair:6)
  Erica (Lair:2)
  Nergalle (Lair:2)
  A necromancer (Lair:3)
  A faun (Lair:4)
  10 elephants
  9 spiny frogs
  3 black mambas
  4 komodo dragons
  3 trolls
  2 basilisks
  15 yaks
  2 wyverns (D:9)
  3 vampire mosquitoes (Lair:1)
  A steam dragon (Lair:2)
  5 hippogriffs
  A hill giant skeleton (D:9)
  9 water moccasins
  5 porcupines
  An eye of draining (D:9)
  Purgy (Sewer)
  A phantom (D:4)
  5 ice beasts
  A black bear (D:6)
  2 ogres (D:8)
  3 orc warriors (D:9)
  3 sky beasts
  5 centaurs
  8 crocodiles
  Sigmund (D:2)
  A big kobold (D:8)
  A gnoll sergeant (D:8)
  9 giant frogs
  3 insubstantial wisps (Lair:1)
  3 scorpions
  13 wights
  A jelly (D:8)
  A quasit (D:5)
  2 goliath beetles
  A giant frog skeleton (D:9)
  5 iguanas
  2 crimson imps
  An orc wizard (D:9)
  6 hounds
  5 worker ants
  3 orc priests
  A yak simulacrum (Lair:3)
  8 sheep
  Ijyb (D:7)
  A big kobold skeleton (D:5)
  2 ogre skeletons
  12 adders
  12 gnolls
  33 green rats
  2 shadow imps (D:9)
  A giant mite (D:7)
  5 worms
  3 giant geckos
  2 oozes
  47 orcs
  5 ball pythons
  3 bat skeletons (D:4)
  7 giant cockroaches
  19 hobgoblins
  11 jackals
  16 kobolds
  6 quokkas
  14 bats
  9 giant newts
  A giant spore (D:9)
  16 goblins
  A goblin skeleton (D:4)
  A green rat simulacrum (Lair:3)
  A kobold zombie (D:7)
  14 rats
  3 ballistomycetes (D:9)
  7 fungi
431 creatures vanquished.

Vanquished Creatures (others)
  A fungus (Lair:6)
  A plant (Lair:6)
2 creatures vanquished.

Grand Total: 433 creatures vanquished
